 Dungeon Crawl Stone Soup version 0.30.0-29-ga12c61a403 (webtiles) character file.

Game seed: 8990385395043184735

78 McKennaii the Conjurer (level 3, -1/26 HPs)
             Began as a Demigod Conjurer on June 5, 2023.
             Slain by a gnoll
             ... wielding a +0 club
              (5 damage)
             ... on level 2 of the Dungeon.
             The game lasted 00:01:03 (1920 turns).

McKennaii the Conjurer (Demigod Conjurer)           Turns: 1920, Time: 00:01:04

Health: -1/26      AC:  4    Str:  8    XL:     3   Next: 94%
Magic:  1/10       EV: 12    Int: 24    God:
Gold:   123        SH:  0    Dex: 12    Spells: 4/7 levels left

rFire   . . .        (no weapon)
rCold   . . .        (no shield)
rNeg    . . .        a - +0 robe
rPois   .            (no helmet)
rElec   .            (no cloak)
rCorr   .            c - +0 pair of gloves
SInv    .            k - +0 pair of boots
Will    .....        (no amulet)
Stlth   ++           (no ring)
HPRegen 0.24/turn    (no ring)
MPRegen 0.12/turn

%: no passive effects
@: no status effects
A: high MP 1, forlorn, divine attributes
a: no special abilities


You were on level 2 of the Dungeon.
You visited 1 branch of the dungeon, and saw 3 of its levels.

You collected 123 gold pieces.

Inventory:

Armour
 a - a +0 robe (worn)
 c - a +0 pair of gloves (worn)
 k - a +0 pair of boots (worn)
Scrolls
 d - a scroll of enchant armour {unknown}
 e - 3 scrolls of identify {unknown}
 g - a scroll of magic mapping {unknown}
 i - a scroll of enchant weapon {unknown}
 j - a scroll of noise {unknown}
 l - a scroll of blinking {unknown}
Potions
 b - a potion of magic
 f - a potion of lignification {unknown}
 h - 2 potions of degeneration {unknown}
 m - 2 potions of mutation {unknown}


   Skills:
 - Level 1.7 Dodging
 - Level 1.7 Stealth
 + Level 2.9 Spellcasting
 + Level 4.4 Conjurations


You had 4 spell levels left.
You knew the following spells:

 Your Spells              Type           Power      Damage    Failure   Level
a - Magic Dart            Conj           100%       1d8       1%          1
b - Searing Ray           Conj           50%        2d6       2%          2

Your spell library contained the following spells:

 Spells                   Type           Power      Damage    Failure   Level
 Dazzling Flash           Conj/Hex       28%        N/A       13%         3
 Fulminant Prism          Conj/Hex       7%         3d7       41%         4
 Iskenderun's Mystic Bla  Conj/Tloc      14%        2d5       41%         4


Dungeon Overview and Level Annotations

Branches:
Dungeon (3/15)


Innate Abilities, Weirdness & Mutations

You have an increased reservoir of magic. (+10% MP)
You shall have no god before yourself.
Your divine heritage dramatically boosts your attributes as you level up.


Message History

You climb upwards.
The gnoll closely misses you.
There is a stone staircase leading down here.
Casting: Magic Dart (safe; 1% risk of failure)
Confirm with . or Enter, or press ? or * to list all spells.
Aiming: Searing Ray (safe; 2% risk of failure)
Press: ? - help, Shift-Dir - straight line, f - gnoll
Aim: a gnoll, wielding a +0 club (82% to hit)
The searing ray hits the gnoll!
The gnoll is severely wounded. (Press . to maintain the ray.)
The gnoll misses you. The gnoll barely misses you.
The searing ray misses the gnoll.
The gnoll closely misses you. The gnoll barely misses you.
The searing ray misses the gnoll.
The gnoll hits you with a +0 club! The gnoll hits you with a +0 club.
The searing ray hits the gnoll.
The gnoll is almost dead.
You finish channelling your searing ray.
The gnoll hits you with a +0 club. x2
Unknown command.
Casting: Searing Ray (safe; 2% risk of failure)
Confirm with . or Enter, or press ? or * to list all spells.
Aiming: Searing Ray (safe; 2% risk of failure)
Press: ? - help, Shift-Dir - straight line, f/p - gnoll
Aim: a gnoll, wielding a +0 club (almost dead, 82% to hit)
The searing ray hits the gnoll!
You kill the gnoll! (Press . to maintain the ray.)
The gnoll hits you with a +0 club!
* * * LOW HITPOINT WARNING * * *
Casting: Searing Ray (safe; 2% risk of failure)
Confirm with . or Enter, or press ? or * to list all spells.
Restarting spell: Searing Ray (safe; 2% risk of failure)
Press: ? - help, Shift-Dir - straight line, f - gnoll
Aim: a gnoll, wielding a +0 club (82% to hit)
The searing ray hits the gnoll.
The gnoll is heavily wounded. (Press . to maintain the ray.)
The gnoll hits you with a +0 club.
You die...

...###8###8##.##8##8##8#####..†..
##.##### ####.########## #......
##....######8.8# #......
...##......##.## ###......
##.##########.## ##.....<.) ####
#8.8#########..#...... ..
##.##.........###.....
##.############ ##.... #8.8#@)#
##### ############.###g####
#........###'##.....#
##.######.÷.g.g......# .#.#
######.......# ...# #.......#
...# ######### .### ##


You could see a gnoll.

Vanquished Creatures
  3 gnolls
  3 adders (D:2)
  A dart slug (D:1)
  3 bats
  2 giant cockroaches
  2 goblins
  2 hobgoblins
  A quokka (D:1)
  2 frilled lizards (D:1)
  2 kobolds
  4 rats
25 creatures vanquished.

Notes
Turn   | Place    | Note
-------+----------+-------------------------------------------
     0 | D:1      | McKennaii the Demigod Conjurer began the quest for the Orb.
     0 | D:1      | Reached XP level 1. HP: 14/14 MP: 5/5
   654 | D:1      | Reached XP level 2. HP: 20/20 MP: 1/7
  1214 | D:2      | Reached skill level 4 in Conjurations
  1367 | D:2      | Reached XP level 3. HP: 26/26 MP: 4/9
  1822 | D:3      | Learned a level 2 spell: Searing Ray
  1920 | D:2      | Slain by a gnoll

Illustrated notes

Levels and vault maps discovered:
D:1:      tarquinn_simple_flora_water_b, layout_basic
D:2:      layout_rooms, basic_altar, serial_forest, infiniplex_forest_end_3,
          infiniplex_forest_end_3, infiniplex_forest_clump_curved,
          infiniplex_forest_zigzag_1, infiniplex_forest_join,
          infiniplex_forest_end_2, infiniplex_forest_lined_3_way,
          dk_noncrumbling_2, hangedman_decor_slide_cut, minmay_tetromino_o4
D:3:      wad_crossroads, layout_loops_corners, serial_shops,
          nicolae_lakefront_shop

Skill      XL: |  1  2 |
---------------+-------+-----
Spellcasting   | 2 |  2.9
Conjurations   | 4 |  4.4
Dodging        | |  1.7
Stealth        | |  1.7

Action                     || total
---------------------------++-------
  Melee: Unarmed           ||    12
         Punch             ||     1
   Cast: Magic Dart        ||    63
         Searing Ray       ||     3
 Armour: Robe              ||     7
  Dodge: Dodged            ||    25
